 Dungeon Crawl Stone Soup version 0.19-a0-811-gf4045fb (webtiles) character file.

1691 Ijustatesigmund the Covert (level 9, -3/46 HPs)
             Began as a Vine Stalker Assassin on June 28, 2016.
             Slain by Xiguana's ghost (8 damage)
             ... on level 6 of the Dungeon.
             The game lasted 00:18:14 (5234 turns).

Ijustatesigmund the Covert (Vine Stalker Assassin)  Turns: 5234, Time: 00:18:15

Health: -3/46      AC: 10    Str: 15    XL:     9   Next: 2%
Magic:  0/10       EV: 17    Int: 11    God:
Gold:   119        SH:  0    Dex: 23    Spells: 0 memorised, 8 levels left

rFire  . . .     SeeInvis .     a - +5 dagger
rCold  + . .     Gourm    .     n - +1 steam dragon armour
rNeg   . . .     Faith    .     (no shield)
rPois  .         Spirit   +     (no helmet)
rElec  .         Dismiss  .     d - +0 cloak
rCorr  .         Reflect  .     (no gloves)
SustAt .         Harm     .     s - +1 pair of boots
MR     +....     Rnd*Tele +     (no amulet)
Stlth  ++++++....               r - ring of protection from cold
                                m - ring of teleportation (curse)

@: agile, very slightly contaminated, hasted, very quick, somewhat resistant to
hostile enchantments, very stealthy
A: fangs 3, regeneration 2, magic shield, antimagic bite, no device heal 3, rot
immunity
a: no special abilities


You were on level 6 of the Dungeon.
You were not hungry.

You visited 2 branches of the dungeon, and saw 7 of its levels.

You collected 262 gold pieces.
You spent 143 gold pieces at shops.

Inventory:

Hand Weapons
 a - a +5 dagger (weapon)
 b - a +0 blowgun
 f - a +2 dagger of distortion
 h - a +2 hunting sling of freezing
Missiles
 e - 71 poisoned needles
 i - 88 stones (quivered)
 v - 3 needles of confusion
 x - 2 curare-tipped needles
 C - 46 sling bullets
Armour
 d - a +0 cloak (worn)
 n - a +1 steam dragon armour (worn)
 s - a +1 pair of boots (worn)
 w - the +18 shield of the Gong {rElec rN+ MR+ EV-5}
   (You found it on level 6 of the Dungeon)

   It affects your evasion (-5).
   It insulates you from electricity.
   It protects you from negative energy.
   It affects your resistance to hostile enchantments.
Jewellery
 m - a cursed ring of teleportation (left hand)
 r - a ring of protection from cold (right hand)
Wands
 y - a wand of flame (31/48)
 z - a wand of lightning (8/15)
Scrolls
 j - 2 scrolls of teleportation
 p - a scroll of recharging
 u - 3 scrolls of immolation
Potions
 c - 3 potions of curing
 k - a potion of lignification
 l - a potion of agility
 q - 3 potions of flight
 B - a potion of magic {unknown}
Comestibles
 g - 6 bread rations
 o - a slice of pizza
 t - 4 fruits


   Skills:
 + Level 4.8 Fighting
 + Level 6.0 Short Blades
 - Level 3.1 Throwing
 - Level 3.3 Armour
 + Level 0.8 Dodging
 + Level 8.8 Stealth


You had 8 spell levels left.
You didn't know any spells.

Dungeon Overview and Level Annotations

Branches:
Dungeon (6/15)             Temple (1/1) D:4

Altars:
Ashenzari
Cheibriados
Elyvilon
Fedhas
Hepliaklqana
Kikubaaqudgha
Makhleb
Nemelex Xobeh
Okawaru
Pakellas
Qazlal
Ru
Sif Muna
Trog
Uskayaw
Vehumet
Yredelemnul
Zin
The Shining One

Shops:
D:5 !

Annotations:
D:6 Xiguana's ghost, novice VSMo


Innate Abilities, Weirdness & Mutations

You have razor-sharp teeth.
You heal very quickly.
When hurt, damage is shared between your health and your magic reserves.
Your bite disrupts and absorbs the magic of your enemies.
Potions and wands cannot restore your health.
You are immune to rotting.


Message History

The jackal bites you but does no damage. x2
The jackal bites you.
* * * LOW HITPOINT WARNING * * *
Xiguana's ghost hits you but does no damage.
You feel yourself speed up. The jackal bites you.
* * * LOW HITPOINT WARNING * * *
The jackal bites you but does no damage. x2
The jackal barely misses you. Xiguana's ghost hits you!
* * * LOW HITPOINT WARNING * * *
The jackal completely misses you.
You are very lightly contaminated with residual magic.
You hit the jackal.
The jackal is heavily wounded.
The jackal misses you.
You hit the jackal. You bite the jackal. You drain its power.
You feel invigorated.
You kill the jackal!
The jackal bites you but does no damage.
The jackal misses you. Xiguana's ghost hits you!
You die...

####.#.# .#
.....#.#####.###
####.....#.....#
####.###.#.....###
.....# #.........#
####.###.......#.#
#...........>.#
###.#..##..#Wh#
###.#..# #..h@#
#...#..# ##.#†#
#.###..# ##.#.#
#.##...###....#
#.##.#........#
#.##.#####...##
####.##†# ##.##
#....##.######.#
#######........#


You could see Xiguana's ghost and 2 jackals.

Vanquished Creatures
  A two-headed ogre (D:6)
  An ice beast (D:6)
  2 ogres (D:5)
  2 centaurs
  2 scorpions
  3 crimson imps (D:5)
  4 orc priests
  3 hounds
  A jelly (D:6)
  A giant frog skeleton (D:6)
  3 orc wizards
  3 iguanas
  5 worker ants
  A hound zombie (D:5)
  A worker ant zombie (D:6)
  A gnoll (D:1)
  9 adders
  7 river rats
  A shadow imp (D:5)
  3 oozes
  2 adder skeletons
  A worm (D:2)
  4 dart slugs
  2 giant geckos
  11 orcs
  6 giant cockroaches
  8 goblins
  10 hobgoblins
  4 jackals
  8 kobolds
  2 quokkas
  2 ball pythons (D:1)
  9 bats
  A giant cockroach zombie (D:5)
  3 giant newts
  A jackal zombie (D:5)
  19 rats
147 creatures vanquished.

Vanquished Creatures (others)
  A quokka (D:5)
1 creature vanquished.

Grand Total: 148 creatures vanquished

Notes
Turn   | Place    | Note
--------------------------------------------------------------
     0 | D:1      | Ijustatesigmund the Vine Stalker Assassin began the quest for the Orb.
     0 | D:1      | Reached XP level 1. HP: 11/11 MP: 2/2
    82 | D:1      | Found a shattered altar of Ashenzari.
    98 | D:1      | Reached skill level 5 in Stealth
   104 | D:1      | Reached XP level 2. HP: 14/15 MP: 3/3
   346 | D:1      | Reached XP level 3. HP: 18/18 MP: 4/4
   880 | D:2      | Reached XP level 4. HP: 23/23 MP: 5/5
  1258 | D:3      | Reached skill level 6 in Stealth
  1474 | D:3      | Reached XP level 5. HP: 19/27 MP: 6/6
  1770 | D:3      | Found a sacrificial altar of Ru.
  2265 | D:4      | Gained mutation: You heal very quickly. [Vine Stalker growth]
  2265 | D:4      | Reached XP level 6. HP: 32/32 MP: 7/7
  2323 | D:4      | Found a bloodstained altar of Trog.
  2426 | D:4      | Reached skill level 7 in Stealth
  2443 | D:4      | Found a staircase to the Ecumenical Temple.
  2449 | Temple   | Entered the Ecumenical Temple
  2771 | D:4      | Reached skill level 1 in Armour
  2771 | D:4      | Reached XP level 7. HP: 31/36 MP: 8/8
  3082 | D:4      | Found a hide-covered altar of Uskayaw.
  3082 | D:4      | Found a glowing golden altar of the Shining One.
  3358 | D:5      | Entered Level 5 of the Dungeon
  3534 | D:5      | Reached skill level 5 in Short Blades
  3561 | D:5      | Gained mutation: You have razor-sharp teeth. [Vine Stalker growth]
  3561 | D:5      | Reached XP level 8. HP: 40/40 MP: 9/9
  3616 | D:5      | Found a glowing golden altar of the Shining One.
  3942 | D:5      | Found a white marble altar of Elyvilon.
  4050 | D:5      | Found Goepni's Distillery.
  4057 | D:5      | Bought a potion of degeneration for 13 gold pieces
  4057 | D:5      | Bought a potion of haste for 130 gold pieces
  4352 | D:6      | Found an iron altar of Okawaru.
  4707 | D:6      | Found a burning altar of Makhleb.
  4737 | D:6      | Reached skill level 8 in Stealth
  4945 | D:6      | Noticed Xiguana's ghost (novice VSMo)
  4955 | D:6      | Noticed a two-headed ogre
  4967 | D:6      | Killed a two-headed ogre
  5072 | D:6      | Reached XP level 9. HP: 46/46 MP: 10/10
  5234 | D:6      | Slain by Xiguana's ghost

Vault maps used:
D:1:      lemuel_arrival_river_ford, nicolae_ashenzari_panopticon
D:2:      minmay_pentomino_r2
D:3:      first_bread, hangedman_ru_absence
D:4:      kennysheep_mini, gammafunk_temple_overflow_elements,
          dk_rats_in_the_wall
D:5:      elyvilon_altar_4, serial_shops, nicolae_shop_trees, tso_metal_star
D:6:      kennysheep_big_flooded_room, bloody_makhleb, okawaru_metal_pillars_1_2
Temple:   jpeg_temple_clearing

Skill      XL: |  1  2  3  4  5  6  7  8 |
---------------+-------------------------+-----
Short Blades   | 2 3 4 5 6 |  6.0
Stealth        | 5 6 7 8 |  8.8
Fighting       | 2 3 4 |  4.8
Armour         | 1 3 |  3.3
Throwing       | 3 |  3.1
Dodging        | |  0.8

Action                   |  1- 3 |  4- 6 |  7- 9 || total
-------------------------+-------+-------+-------++-------
Melee: Dagger            |   101 |   193 |   274 ||   568
       Bite              |    22 |    53 |    87 ||   162
 Fire: Blowgun           |     5 |    10 |     3 ||    18
  Use: Scroll            |       |     8 |     8 ||    16
       Potion            |       |       |     3 ||     3
 Stab: Sleeping          |     8 |     8 |    18 ||    34
       Distracted        |       |     1 |     1 ||     2
  Eat: Royal jelly       |       |     1 |       ||     1
       Chunk             |       |     4 |     5 ||     9
       Beef jerky        |       |       |     2 ||     2
Armor: Robe              |    17 |       |       ||    17
       Leather armour    |    20 |       |       ||    20
       Steam dragon armo |       |    50 |    80 ||   130
Dodge: Dodged            |    63 |    85 |   181 ||   329
